 Dungeon Crawl Stone Soup version 0.30.1-5-ged363bc7ee (webtiles) character file.

Game seed: 14990152242381725441

7668 Kurtz the Severer (level 11, 0/61 (64) HPs)
             Began as a Tengu Fighter on Sept 20, 2023.
             Was a High Priest of Okawaru.
             Slain by an orc warrior
             ... wielding a +0 war axe
              (5 damage)
             ... while paralysed by an orc sorcerer
             ... in a bailey.
             The game lasted 00:20:08 (8788 turns).

Kurtz the Severer (Tengu Fighter)                   Turns: 8788, Time: 00:20:09

HP:   0/61 (64)     AC: 14    Str: 19    XL:     11   Next: 18%
MP:   12/12         EV:  2    Int:  9    God:    Okawaru [*****.]
Gold: 203           SH:  0    Dex: 15    Spells: 10/10 levels left

rFire   . . .        I - +8 hand axe of the Several Gods {holy, rCorr Stlth+}
rCold   . . .        G - +2 kite shield
rNeg    . . .        j - +0 plate armour
rPois   +            (helmet restricted)
rElec   .            A - +0 cloak
rCorr   +            (no gloves)
SInv    +            (boots unavailable)
Will    .....        e - amulet of regeneration Stlth
                     p - ring of poison resistance
HPRegen 1.10/turn    y - ring of see invisible
MPRegen 0.13/turn

%: no passive effects
@: paralysed, flying quickly and evasively, lightly drained, quick
A: beak, talons 3, nimble flight
a: Renounce Religion, Heroism, Finesse, Duel


You were in a bailey.
You worshipped Okawaru.
Okawaru was extremely pleased with you.
You visited 2 branches of the dungeon, and saw 11 of its levels.
You also visited: Sewer and Bailey.

You collected 551 gold pieces.
You spent 348 gold pieces at shops.

Inventory:

Hand Weapons
 E - the +8 executioner's axe "Foruq" {freeze, Dex+2}
   (Okawaru gifted it to you on level 9 of the Dungeon)

   Dex:       It affects your dexterity (+2).
 I - the +8 hand axe of the Several Gods (weapon) {holy, rCorr Stlth+}
   (You found it on level 10 of the Dungeon)

   rCorr:     It protects you from acid and corrosion.
   Stlth:     It makes you more stealthy.
Missiles
 h - a throwing net
 x - 19 poisoned darts (quivered)
 C - 12 curare-tipped darts
Armour
 c - a +0 buckler
 j - a +0 plate armour (worn)
 k - a -2 pair of gloves
 A - a +0 cloak (worn)
 G - a +2 kite shield (worn)
Jewellery
 e - an amulet of regeneration (around neck)
 p - a ring of poison resistance (left hand)
 y - a ring of see invisible (right hand)
Wands
 o - a wand of iceblast (2)
 H - a wand of mindburst (6)
Scrolls
 d - 2 scrolls of fog
 i - 3 scrolls of fear
 l - 2 scrolls of poison
 n - a scroll of enchant weapon
 r - 3 scrolls of blinking
 t - a scroll of enchant armour
 u - a scroll of teleportation
 v - a scroll of vulnerability
 B - a scroll of immolation
 D - a scroll of magic mapping
Potions
 b - 2 potions of cancellation
 f - 2 potions of flight
 g - 9 potions of curing
 m - a potion of mutation {unknown}
 q - 2 potions of heal wounds
 s - 3 potions of brilliance {unknown}
 w - a potion of magic
 z - a potion of haste {unknown}


   Skills:
 - Level 6.1 Fighting
 - Level 15.2 Axes
 - Level 7.2 Armour
 * Level 3.7 Dodging
 * Level 4.7 Shields


You had 10 spell levels left.
You didn't know any spells.
Your spell library contained the following spells:

 Spells                   Type           Power      Damage    Failure   Level
 Beastly Appendage        Tmut           0%         N/A       100%        1
 Freeze                   Ice            0%         1d3       100%        1
 Sandblast                Erth           0%         2d4       100%        1
 Sting                    Tmut/Pois      0%         1d3       100%        1
 Passwall                 Tmut/Erth      0%         N/A       100%        2
 Poisonous Vapours        Pois/Air       0%         N/A       100%        2
 Wereblood                Tmut           0%         N/A       100%        2
 Frozen Ramparts          Ice            0%         1d1       100%        3
 Hailstorm                Conj/Ice       0%         3d3       100%        3
 Spider Form              Tmut/Pois      0%         N/A       100%        3
 Stone Arrow              Conj/Erth      0%         3d7       100%        3
 Olgreb's Toxic Radiance  Pois           0%         N/A       100%        4


Dungeon Overview and Level Annotations

Branches:
Dungeon (10/15)            Temple (1/1) D:4             Orc (0/2) D:10
  Sewer (visited)          Bailey (1/1)
   Lair: D:8-11

Altars:
Ashenzari
Cheibriados
Elyvilon
Fedhas
Gozag
Hepliaklqana
Makhleb
Nemelex Xobeh
Okawaru
Qazlal
Ru
Trog
Wu Jian
Xom
Yredelemnul
Zin
The Shining One

Shops:
D:4 !   D:6 !   D:10 *


Innate Abilities, Weirdness & Mutations

You have a beak for a mouth.
You have claws for feet.
Your magical nature lets you fly swiftly and evasively.


Message History

You hit the orc sorcerer but do no damage.
Your peck misses the orc sorcerer.
The orc sorcerer is almost dead.
You hit the orc warrior but do no damage.
The orc sorcerer hits you with a +0 broad axe.
You closely miss the orc sorcerer.
You claw the orc sorcerer, but do no damage.
The orc sorcerer is almost dead.
You hit the orc warrior but do no damage.
The orc warrior hits you but does no damage.
You block the orc sorcerer's attack.
An orc comes into view. It is wielding a +0 hand axe.
The orc shouts!
You hit the orc sorcerer.
You claw the orc sorcerer, but do no damage.
The orc sorcerer is almost dead.
You closely miss the orc warrior.
The orc warrior hits you but does no damage.
You block the orc sorcerer's attack.
You barely miss the orc sorcerer. Your kick misses the orc sorcerer.
The orc sorcerer is almost dead.
You closely miss the orc warrior.
The orc warrior hits you with a +0 war axe.
Unknown command.
You hit the orc sorcerer but do no damage.
You peck the orc sorcerer, but do no damage.
The orc sorcerer is almost dead.
You hit the orc warrior but do no damage.
The orc sorcerer points at you and mumbles some strange words.
You suddenly lose the ability to move!
The orc warrior hits you but does no damage.
The orc sorcerer casts a spell at you. The bolt of fire hits you!!
* * * LOW HITPOINT WARNING * * *
You are engulfed in a cloud of scalding steam.
The orc warrior hits you with a +0 war axe!
* * * LOW HITPOINT WARNING * * *
The orc sorcerer hits you but does no damage.
The orc warrior hits you with a +0 war axe.
You die...

≈≈≈≈≈≈≈≈≈≈≈≈≈≈≈≈≈≈≈≈≈≈≈≈≈≈≈≈#
≈≈≈≈≈≈≈≈≈≈≈≈≈≈≈≈≈≈≈≈≈≈≈≈≈≈≈≈#
≈≈≈≈≈≈≈≈≈≈≈≈≈≈≈≈≈≈≈≈≈≈≈≈≈≈≈≈#
≈≈≈≈≈≈≈≈≈≈≈§§§≈≈≈≈≈≈≈≈≈≈≈≈≈≈#
≈≈≈≈≈≈≈≈≈≈≈§≈≈≈≈≈≈≈≈≈≈≈≈≈≈≈≈#
≈≈≈≈≈≈≈≈≈≈≈§§§≈≈≈≈≈≈≈≈≈≈≈≈≈≈#
≈≈≈≈≈≈≈≈≈≈≈≈≈≈≈≈≈≈≈≈≈≈≈≈≈≈≈≈#
≈≈≈≈≈≈≈≈≈≈≈≈≈≈≈≈≈≈≈≈≈≈≈≈≈≈≈≈#
####~~~~~((~~)~)@######≈≈≈≈≈#
#..'......(((...oog.# #≈≈≈≈≈#
#..###############o.# #≈≈≈≈≈#
... ....#≈≈≈≈≈# .. ...#≈≈≈≈≈#
## ##.#≈≈≈≈≈# # .~≈≈≈≈≈# #
.~≈≈≈≈≈# # #.~≈≈≈≈≈#


You could see an orc sorcerer, an orc warrior, an orc and a hobgoblin.

Vanquished Creatures
  A two-headed ogre (D:8)
  A troll (D:6)
  Prince Ribbit (D:5)
  3 slime creatures (D:9)
  A wraith (D:8)
  4 wyverns
  4 yaks (D:9)
  A vampire (D:9)
  A steam dragon (D:8)
  An acid dragon (D:9)
  An ice beast (D:6)
  5 orc warriors
  2 ogres
  A centaur (D:8)
  A phantom (D:6)
  4 kobold brigands
  2 gnoll sergeants
  9 bullfrogs
  4 scorpions
  14 wights
  11 killer bees
  9 orc priests
  6 hounds
  4 jellies
  2 iguanas (D:4)
  6 orc wizards
  13 gnolls
  12 adders
  A shadow imp (D:6)
  A white imp (D:7)
  2 ufetubi
  2 worms
  A dart slug (D:1)
  24 orcs
  8 bats
  8 endoplasms
  12 giant cockroaches
  5 goblins
  10 hobgoblins
  4 jackals (D:1)
  6 quokkas
  11 ball pythons
  12 frilled lizards
  26 kobolds
  10 rats
267 creatures vanquished.

Notes
Turn   | Place    | Note
-------+----------+-------------------------------------------
     0 | D:1      | Kurtz the Tengu Fighter began the quest for the Orb.
     0 | D:1      | Reached XP level 1. HP: 14/14 MP: 2/2
    82 | D:1      | Reached XP level 2. HP: 16/19 MP: 3/3
    83 | D:1      | Reached skill level 3 in Axes
   148 | D:1      | Reached XP level 3. HP: 19/23 MP: 4/4
   259 | D:1      | Reached skill level 4 in Axes
   273 | D:1      | Found a faded altar of an unknown god.
  1268 | D:3      | Reached XP level 4. HP: 27/28 MP: 5/5
  1496 | D:3      | Reached skill level 5 in Axes
  1814 | D:3      | Found a shimmering altar of Xom.
  1815 | D:3      | Found a shimmering altar of Xom.
  1816 | D:3      | Found a shimmering altar of Xom.
  1831 | D:3      | Gained mutation: Your magical nature lets you fly swiftly
                  | and evasively. [Tengu growth]
  1831 | D:3      | Reached XP level 5. HP: 25/32 MP: 6/6
  1911 | D:4      | Reached skill level 6 in Axes
  1954 | D:4      | Found a hazy altar of Hepliaklqana.
  2028 | D:4      | Found a staircase to the Ecumenical Temple.
  2047 | D:4      | Reached XP level 6. HP: 37/37 MP: 7/7
  2056 | Temple   | Entered the Ecumenical Temple
  2244 | Temple   | Became a worshipper of Warmaster Okawaru
  2310 | D:4      | Reached skill level 7 in Axes
  2589 | D:4      | Found Piocash's Distillery.
  2598 | D:4      | Bought 2 potions of heal wounds for 120 gold pieces
  2598 | D:4      | Bought a potion of curing for 36 gold pieces
  2598 | D:4      | Bought a potion of cancellation for 96 gold pieces
  2613 | D:4      | Reached skill level 8 in Axes
  2613 | D:4      | Reached XP level 7. HP: 26/41 MP: 8/8
  2659 | D:4      | Found a snail-covered altar of Cheibriados.
  2727 | D:4      | Found a bloodstained altar of Trog.
  2839 | D:4      | Reached * piety under Okawaru
  3050 | D:3      | Found a shimmering altar of Xom.
  3222 | D:5      | Entered Level 5 of the Dungeon
  3239 | D:5      | Reached skill level 9 in Axes
  3311 | D:5      | Found a blossoming altar of Fedhas.
  3367 | D:5      | Identified the +1 robe of the Midnight Sun {Str+2}
  3450 | D:5      | Noticed Prince Ribbit
  3487 | D:4      | Reached XP level 8. HP: 46/46 MP: 9/9
  3522 | D:5      | Reached ** piety under Okawaru
  3523 | D:5      | Reached skill level 10 in Axes
  3565 | D:5      | Killed Prince Ribbit
  3626 | D:5      | Found a glowing silver altar of Zin.
  3732 | D:5      | Reached skill level 11 in Axes
  3746 | D:5      | Found a glowing drain.
  3759 | Sewer    | Entered a sewer
  4214 | D:6      | Found an ornate altar of the Wu Jian Council.
  4352 | D:5      | Noticed a rust devil
  4352 | D:5      | Noticed a rust devil
  4375 | D:6      | Reached skill level 12 in Axes
  4444 | D:6      | Reached XP level 9. HP: 49/49 MP: 10/10
  4547 | D:6      | Reached *** piety under Okawaru
  5005 | D:6      | You are sucked into a shaft and drop 2 floors!
  5013 | D:8      | Reached skill level 13 in Axes
  5193 | D:7      | Noticed a troll
  5404 | D:6      | Reached skill level 14 in Axes
  5525 | D:6      | Found Fycipal's Distillery.
  5528 | D:6      | Bought a potion of flight for 36 gold pieces
  5528 | D:6      | Bought a potion of heal wounds for 60 gold pieces
  5748 | D:6      | Killed a troll
  5748 | D:6      | Reached **** piety under Okawaru
  5928 | D:7      | Found the +18 Lear's hauberk
  6133 | D:7      | Found a sparkling altar of Nemelex Xobeh.
  6382 | D:7      | Reached XP level 10. HP: 38/56 MP: 11/11
  6422 | D:7      | Reached skill level 1 in Dodging
  6790 | D:8      | Reached skill level 5 in Armour
  6868 | D:8      | Reached ***** piety under Okawaru
  7057 | D:8      | Noticed a two-headed ogre
  7210 | D:8      | Killed a two-headed ogre
  7211 | D:8      | Reached skill level 5 in Fighting
  7943 | D:9      | Identified the +8 executioner's axe "Foruq" {freeze, Dex+2}
                  | (Okawaru gifted it to you on level 9 of the Dungeon)
  7943 | D:9      | Received a gift from Okawaru
  7994 | D:9      | Reached XP level 11. HP: 64/64 MP: 12/12
  8268 | D:9      | Reached skill level 15 in Axes
  8442 | D:10     | Entered Level 10 of the Dungeon
  8463 | D:10     | Found Afeg's Demolitions Depot.
  8472 | D:10     | Found a staircase to the Orcish Mines.
  8530 | D:10     | Found a flagged portal.
  8538 | D:10     | Identified the +8 hand axe of the Several Gods {holy, rCorr
                  | Stlth+}
  8550 | Bailey   | Entered a bailey
  8657 | Bailey   | Noticed an orc sorcerer
  8657 | Bailey   | Paralysed by an orc sorcerer for 2 turns
  8785 | Bailey   | Paralysed by an orc sorcerer for 3 turns
  8788 | Bailey   | Slain by an orc warrior

Illustrated notes

Levels and vault maps discovered:
D:1:      dpeg_arrival_rooms_a, layout_rooms,
          shapermc_ecumenical_altar_starsandcircs
D:2:      layout_loops_cross, minmay_misc_feat_square
D:3:      layout_loops_corners, xom_redecorated
D:4:      layout_loops_ring, general_overflow_altar, slow_altar_2,
          amcnicky_altar_gilded, minmay_temple_entry_drinking_statues,
          serial_shops, shop_statue
D:5:      cheibrodos_iron_armory, layout_rooms, kennysheep_mini,
          mainiacjoe_overflow_small_starburst, portal_sewer_entry_b,
          kennysheep_generic_room_14, uniq_prince_ribbit1
D:6:      layout_gridville, mainiacjoe_overflow_cross_hatched, serial_shops,
          nicolae_shop_trees
D:7:      layout_loops_cross, nemelex_spade_bored_becter,
          hellmonk_guarded_unrand_lears
D:8:      layout_rooms
D:9:      layout_basic
D:10:     layout_irregular_city, palyth_temple_overflow_mages,
          nicolae_overflow_hidden_temple, orc_0_dummy, enter_bailey_2,
          nicolae_blasting_shop
Temple:   grunt_temple_mini_profane
Bailey:   bailey_axe_of_yendor_kennysheep, bailey

Skill      XL: |  1  2  3  4  5  6  7  8  9 10 11 |
---------------+----------------------------------+-----
Axes           | 3 4 5 6 8 9 12 14 15 | 15.2
Armour         | 4 7 |  7.2
Dodging        | 3 |  3.7
Fighting       | 6 |  6.1
Shields        | 4 |  4.7

Action                     |  1- 3 |  4- 6 |  7- 9 | 10-12 || total
---------------------------+-------+-------+-------+-------++-------
  Melee: War axe           |    79 |    84 |   314 |   203 ||   680
         Kick              |    21 |    25 |    81 |    81 ||   208
         Peck              |     3 |    11 |    57 |    57 ||   128
         Executioner's axe |       |       |       |    24 ||    24
         Hand axe          |       |       |       |    43 ||    43
  Throw: Throwing net      |       |       |     1 |       ||     1
         Dart              |       |       |       |    11 ||    11
 Invoke: Heroism           |       |       |     1 |     2 ||     3
  Evoke: Wand              |       |       |     3 |     8 ||    11
    Use: Scroll            |       |       |     8 |     5 ||    13
         Potion            |       |       |     3 |       ||     3
   Stab: Held in net/web   |       |       |     1 |       ||     1
 Armour: Scale mail        |    38 |       |       |       ||    38
         Chain mail        |       |    36 |   113 |       ||   149
         Plate armour      |       |       |    17 |   123 ||   140
  Dodge: Dodged            |    37 |    33 |   115 |    86 ||   271
  Block: Buckler           |    19 |    17 |    61 |    43 ||   140
         Kite shield       |       |       |       |    12 ||    12
